 Dungeon Crawl Stone Soup version 0.32-a0-711-g016ad74 (webtiles) character file.

Game seed: 3862368379111212766

9650 UnknownHero the Mimic (level 11, -7/89 (94) HPs)
             Began as a Demigod Shapeshifter on Mar 15, 2024.
             Mangled by an alligator skeleton (11 damage)
             ... in a volcano.
             The game lasted 00:22:06 (14598 turns).

UnknownHero the Mimic (Demigod Shapeshifter)       Turns: 14598, Time: 00:22:07

HP:   -7/89 (94)    AC: 10    Str: 33    XL:     11   Next: 5%
MP:   14/14         EV:  0    Int: 12    God:
Gold: 196           SH:  0    Dex: 13    Spells: 10/10 levels left

rFire   + .          .
                       - Unarmed
rCold   + . .        (no shield)
rNeg    . . .        a - +0 scale mail of Magic {rF+ rC+}
rPois   .            (helmet currently unavailable)
rElec   .            (cloak currently unavailable)
rCorr   .            g - melded +0 pair of gloves
SInv    .            n - melded +0 pair of boots
Will    +....        (no amulet) Stlth
                     H - +6 ring of strength
HPRegen 0.34/turn    E - +4 ring of protection
MPRegen 0.14/turn

%: no passive effects
@: mighty, about to teleport, beast-form, constricted, drained
A: beast (slay +4), high MP 1, forlorn, divine attributes
a: Begin Untransformation


You were in a volcano.
You were a hulking beast.
You visited 3 branches of the dungeon, and saw 12 of its levels.
You also visited: Sewer and Volcano.

You collected 802 gold pieces.
You spent 606 gold pieces at shops.

Inventory:

Missiles
 s - 2 throwing nets
Armour
 a - the +0 scale mail of Magic (worn) {rF+ rC+}
   (You found it on level 5 of the Dungeon)

   rF+:       It protects you from fire.
   rC+:       It protects you from cold.
 g - a +0 pair of gloves (melded)
 n - a +0 pair of boots (melded)
 y - the +3 ring mail of Precision Catastrophes {Will+ Str+3 Dex-2}
   (You found it on level 3 of the Dungeon)

   Str+3:     It affects your strength (+3).
   Dex-2:     It affects your dexterity (-2).
   Will+:     It increases your willpower.
 B - the +3 leather armour "Peitedghuomo" {rC+ rN+ Int+3}
   (You found it on level 4 of the Dungeon)

   Int+3:     It affects your intelligence (+3).
   rC+:       It protects you from cold.
   rN+:       It protects you from negative energy.
 L - the +3 buckler of Awe {rCorr Dex+3 SInv}
   (You found it on level 9 of the Dungeon)

   Dex+3:     It affects your dexterity (+3).
   SInv:      It lets you see invisible.
   rCorr:     It protects you from acid and corrosion.
Jewellery
 C - a ring of protection from cold
 D - a ring of ice
 E - a +4 ring of protection (right hand)
 H - a +6 ring of strength (left hand)
Talismans
 c - a beast talisman (active)
 d - a flux talisman
Wands
 K - a wand of flame (10)
 M - a wand of light (5) (quivered)
Scrolls
 i - a scroll of butterflies {unknown}
 j - 3 scrolls of teleportation
 m - a scroll of silence {unknown}
 o - a scroll of torment {unknown}
 q - 3 scrolls of enchant weapon {unknown}
 r - a scroll of fear {unknown}
 t - a scroll of revelation
 x - 3 scrolls of immolation {unknown}
 A - 2 scrolls of fog {unknown}
 F - 3 scrolls of vulnerability {unknown}
 G - a scroll of enchant armour {unknown}
 I - 2 scrolls of poison {unknown}
Potions
 b - 2 potions of ambrosia
 e - 4 potions of curing
 h - 3 potions of might
 k - 3 potions of haste
 l - a potion of brilliance
 p - a potion of attraction
 u - 2 potions of resistance
 v - a potion of magic
 w - 4 potions of enlightenment
 z - a potion of mutation {unknown}
 J - a potion of cancellation


   Skills:
 + Level 8.1 Fighting
 - Level 1.7 Dodging
 + Level 8.1 Unarmed Combat
 * Level 11.3 Shapeshifting


You had 10 spell levels left.
You didn't know any spells.
Your spell library contained the following spells:

 Spells                   Type           Power      Damage    Failure   Level
 Apportation              Tloc           0%         N/A       56%         1
 Call Imp                 Summ           0%         N/A       71%         2
 Jinxbite                 Hex            0%         N/A       71%         2
 Lesser Beckoning         Tloc           0%         N/A       71%         2
 Call Canine Familiar     Summ           0%         N/A       90%         3
 Gell's Gravitas          Tloc           0%         N/A       90%         3
 Sigil of Binding         Hex            0%         N/A       90%         3
 Teleport Other           Tloc           0%         N/A       90%         3
 Dimensional Bullseye     Hex/Tloc       0%         N/A       100%        4
 Martyr's Knell           Necr/Summ      0%         N/A       100%        4
 Alistair's Intoxication  Alch           0%         N/A       100%        5
 Borgnjor's Vile Clutch   Necr/Erth      0%         N/A       100%        5
 Freezing Cloud           Conj/Ice/Air   0%         6-21      100%        5
 Eringya's Noxious Bog    Alch           0%         4d6       100%        6


Dungeon Overview and Level Annotations

Branches:
Dungeon (10/15) Zot: 25306  Temple (0/1) D:4            Lair (1/5) D:10 Zot: 5870
    Orc (1/2) D:9 Zot: 5984   Sewer (visited)         Volcano (1/1) Zot: 5650

Shops:
D:2 [   D:6 ![   D:8 (   D:10 *

Portals:
Trove: D:10 (show slimy rune of Zot)

Annotations:
D:4 1 runed translucent door, tls9540's ghost, amateur OpMo
D:7 3 runed translucent doors, Ozzieoiler's ghost, amateur OpHW; rotlqkf's ghost, novice DrSh


Innate Abilities, Weirdness & Mutations

You are a hulking beast.
Your limbs bulge with bestial killing power. (Slay +4)
You have an increased reservoir of magic. (+10% MP)
You shall have no god before yourself.
Your divine heritage dramatically boosts your attributes as you level up.


Message History

The alligator skeleton drags you backwards!
You take 9 HP, and have [20/89] HP Unknown command.
As you read the scroll of teleportation, it crumbles to dust.
You feel strangely unstable.
The alligator skeleton tail-slaps you but does no damage.
The alligator skeleton bites you!
* * * LOW HITPOINT WARNING * * *
The alligator skeleton drags you backwards!
You take 8 HP, and have [12/89] HP You feel much better.
The naga skeleton hits you!
* * * LOW HITPOINT WARNING * * *
The naga skeleton grabs you. The naga skeleton constricts you.
* * * LOW HITPOINT WARNING * * *
The alligator skeleton tail-slaps you but does no damage.
The alligator skeleton bites you!
* * * LOW HITPOINT WARNING * * *
You take 2 HP, and have [10/89] HP You feel much better.
The naga skeleton hits you but does no damage.
The naga skeleton constricts you.
The gargoyle hits you with a +2 morningstar of protection!
The alligator skeleton tail-slaps you but does no damage.
The alligator skeleton bites you.
* * * LOW HITPOINT WARNING * * *
You gain 15 hp, and have [25/89] hp.
The naga skeleton's grasp on you weakens, but your attempt to escape fails.
The alligator skeleton tail-slaps you.
* * * LOW HITPOINT WARNING * * *
The alligator skeleton bites you but does no damage.
The gargoyle hits you with a +2 morningstar of protection!
* * * LOW HITPOINT WARNING * * *
The naga skeleton hits you.
* * * LOW HITPOINT WARNING * * *
The naga skeleton constricts you.
* * * LOW HITPOINT WARNING * * *
The alligator skeleton tail-slaps you.
* * * LOW HITPOINT WARNING * * *
The alligator skeleton bites you!
You die...

# ## #####+# ≈###
#..9hZ#
...##########..ZZ.#
..≈+...ß....'.....##
...+........)..∩..'.#
..§+...ß....'.....###
.#§##########.....+
#### #..⌠..# #######


You could see a gargoyle, 2 alligator skeletons and a naga skeleton.

Vanquished Creatures
  A deep elf pyromancer (D:9)
  4 gargoyles
  Jeremiah (D:7)
  A cane toad (Lair:1)
  4 kobold demonologists (D:9)
  A rime drake (Lair:1)
  Psyche (D:8)
  2 trolls
  A vampire (D:9)
  4 yaks (D:10)
  2 wyverns (D:10)
  An acid dragon (D:10)
  3 water moccasins
  An ice beast (D:4)
  6 orc warriors
  A swamp drake (D:9)
  A black bear (D:6)
  2 laughing skulls (Volcano)
  4 centaurs
  4 phantoms
  A weeping skull (Volcano)
  A kobold brigand (D:8)
  3 bullfrogs
  A brain worm (Sewer)
  3 scorpions
  9 wights (D:7)
  6 killer bees (D:8)
  2 howler monkeys (D:8)
  4 bombardier beetles
  A hound (D:4)
  8 orc priests
  3 sleepcaps
  7 iguanas
  13 orc wizards
  4 gnolls (D:4)
  10 adders
  2 river rats (Sewer)
  A shadow imp (D:8)
  A white imp (D:6)
  4 dart slugs
  2 ribbon worms
  38 orcs
  15 bats
  4 endoplasms
  4 giant cockroaches
  8 hobgoblins
  A jackal (Sewer)
  6 kobolds
  4 quokkas
  16 ball pythons
  4 frilled lizards
  A goblin (D:1)
  4 rats
236 creatures vanquished.

Vanquished Creatures (others)
  An orc (D:8)
1 creature vanquished.

Grand Total: 237 creatures vanquished

Notes
Turn   | Place    | Note
-------+----------+-------------------------------------------
     0 | D:1      | UnknownHero the Demigod Shapeshifter began the quest for
                  | the Orb.
     0 | D:1      | Reached XP level 1. HP: 15/15 MP: 3/3
   135 | D:1      | Reached skill level 3 in Shapeshifting
   390 | D:1      | Reached XP level 2. HP: 21/22 MP: 4/4
  1183 | D:2      | Found Dekkerot's Armour Shoppe.
  1751 | D:2      | Reached XP level 3. HP: 27/27 MP: 5/5
  1919 | D:3      | Found a glowing drain.
  1965 | Sewer    | Entered a sewer
  2008 | Sewer    | Noticed a brain worm
  2012 | Sewer    | Reached skill level 4 in Shapeshifting
  2027 | Sewer    | Killed a brain worm
  2028 | Sewer    | Reached XP level 4. HP: 26/34 MP: 4/6
  2242 | Sewer    | Reached skill level 5 in Shapeshifting
  2390 | Sewer    | Reached XP level 5. HP: 32/39 MP: 7/7
  3494 | D:3      | Identified the +3 ring mail of Precision Catastrophes
                  | {Will+ Str+3 Dex-2}
  3697 | D:4      | Found a staircase to the Ecumenical Temple.
  3762 | D:4      | Identified the +3 leather armour "Peitedghuomo" {rC+ rN+
                  | Int+3}
  4149 | D:4      | Reached skill level 6 in Shapeshifting
  4149 | D:4      | Reached XP level 6. HP: 24/46 MP: 8/8
  4640 | D:4      | Found a runed translucent door.
  4682 | D:4      | Noticed tls9540's ghost (amateur OpMo)
  4858 | D:4      | Reached skill level 7 in Shapeshifting
  4964 | D:4      | Reached skill level 1 in Fighting
  5119 | D:5      | Entered Level 5 of the Dungeon
  5137 | D:4      | Reached XP level 7. HP: 25/53 MP: 9/9
  5359 | D:5      | Identified the +0 scale mail of Magic {rF+ rC+}
  6480 | D:6      | Reached XP level 8. HP: 54/66 MP: 10/10
  6538 | D:6      | Reached skill level 5 in Unarmed Combat
  6738 | D:6      | Reached skill level 5 in Fighting
  6882 | D:6      | Noticed a spectral ugly thing
  6892 | D:6      | Found Huej's Armour Shop.
  7147 | D:6      | Found Qiadi Diania's Distillery.
  7153 | D:6      | Bought 2 potions of ambrosia for 160 gold pieces
  7153 | D:6      | Bought a potion of cancellation for 80 gold pieces
  7154 | D:6      | Bought 2 potions of heal wounds for 100 gold pieces
  7154 | D:6      | Bought a potion of heal wounds for 50 gold pieces
  7572 | D:7      | Noticed Jeremiah
  7887 | D:7      | Killed Jeremiah
  8260 | D:7      | Reached skill level 8 in Shapeshifting
  8266 | D:7      | Reached XP level 9. HP: 75/75 MP: 11/11
  8623 | D:7      | Found a runed translucent gate.
  8623 | D:7      | Found a runed translucent gate.
  8623 | D:7      | Found a runed translucent gate.
  8791 | D:7      | Noticed rotlqkf's ghost (novice DrSh)
  8791 | D:7      | Noticed Ozzieoiler's ghost (amateur OpHW)
  8945 | D:8      | Noticed Psyche
  8955 | D:8      | Killed Psyche
  9543 | D:8      | Found Vuestuz's Weapon Shoppe.
  9985 | D:8      | HP: 2/78 [orc warrior/boomerang (7)]
 10186 | D:8      | Reached skill level 9 in Shapeshifting
 10684 | D:9      | Noticed a kobold demonologist
 10696 | D:9      | Noticed a rust devil
 10698 | D:9      | Killed a kobold demonologist
 11194 | D:9      | Identified the +3 buckler of Awe {rCorr Dex+3 SInv}
 11231 | D:9      | Reached XP level 10. HP: 85/86 MP: 13/13
 11254 | D:9      | Found a staircase to the Orcish Mines.
 11404 | D:9      | Reached skill level 10 in Shapeshifting
 11420 | D:9      | Noticed a deep elf pyromancer
 11594 | D:9      | Killed a deep elf pyromancer
 11768 | D:9      | Got Jyclal's Tome of Frostbound Generation
 11864 | Orc:1    | Entered Level 1 of the Orcish Mines
 11874 | Orc:1    | Noticed an orc warlord
 12408 | D:10     | Entered Level 10 of the Dungeon
 12837 | D:10     | Found a portal to a secret trove of treasure.
 12853 | D:10     | Found Ongigy's General Store.
 12894 | D:10     | Bought a scroll of revelation for 120 gold pieces
 12894 | D:10     | Bought a scroll of teleportation for 48 gold pieces
 12894 | D:10     | Bought a scroll of teleportation for 48 gold pieces
 13216 | D:10     | Reached skill level 11 in Shapeshifting
 13570 | D:10     | Found a staircase to the Lair.
 14115 | Lair:1   | Entered Level 1 of the Lair of Beasts
 14211 | Lair:1   | Reached XP level 11. HP: 78/94 MP: 14/14
 14238 | Lair:1   | Found a dark tunnel.
 14246 | Volcano  | Entered a volcano
 14598 | Volcano  | HP: 4/89 [alligator skeleton (1)]
 14598 | Volcano  | Mangled by an alligator skeleton

Illustrated notes

Levels and vault maps discovered:
D:1:      sevenhm_arrival_forest_fort_large_2, layout_loops_cross
D:2:      layout_basic, dreamdust_ecumenical_altar_grove, serial_shops,
          nicolae_shop_hallway_stairs, minmay_misc_feat_rugged
D:3:      layout_loops_ring, nemelex_spade_bored_becter, portal_sewer_entry_f,
          minmay_shallow_snake_nest
D:4:      layout_basic, led_sif_book, minmay_temple_entry_mist,
          ebering_ghost_sewer_d
D:5:      layout_loops_ring, mainiacjoe_overflow_small_starburst
D:6:      layout_loops_ring, regret_index_temple_of_mockery,
          hellmonk_okawaru_the_only_friend_you_need, serial_shops, shop_coins,
          nicolae_shop_rolling_square, hangedman_decor_diamond_cutter,
          chequers_hall_statues_corner_a, kennysheep_generic_room_13
D:7:      layout_loops_cross, gammafunk_ghost_cemetery, uniq_jeremiah
D:8:      layout_loops_cross, serial_shops, shop, uniq_psyche
D:9:      layout_roguey, grunt_temple_overflow_open, erik_orc_1, serial_library,
          serial_library_hellmonk_metal_room,
          serial_library_hellmonk_angled_corner,
          serial_library_regret_index_small_wings,
          serial_library_hellmonk_open_square,
          serial_library_hellmonk_hallway_b, minmay_misc_feat_diagonals,
          minmay_misc_feat_doors
D:10:     cheibrodos_statue_roulette, layout_grid_maze, minmay_lair_entry_grove,
          serial_shops, nicolae_shop_statue_plus, serial_glass, glass_columns_a,
          glass_columns_c, nicolae_trove_entry_isolated
Lair:1:   layout_regular_city, lightli_volcano_entry_magma_tube, uniq_amaemon
Orc:1:    layout_diamond_mine, uniq_fannar, uniq_erica
Volcano:  volcano_tomb [vts_original]

Skill      XL: |  1  2  3  4  5  6  7  8  9 10 |
---------------+-------------------------------+-----
Shapeshifting  | 3 4 5 6 7 8 9 11 | 11.3
Fighting       | 1 3 5 7 8 |  8.1
Unarmed Combat | 3 4 5 7 8 |  8.1
Dodging        | |  1.7

Action                     |  1- 3 |  4- 6 |  7- 9 | 10-12 || total
---------------------------+-------+-------+-------+-------++-------
  Melee: Unarmed           |   134 |   238 |   413 |   189 ||   974
         Punch             |     5 |     7 |     4 |     1 ||    17
         Spear             |       |     4 |       |       ||     4
  Evoke: Wand              |       |       |     3 |     1 ||     4
    Use: Potion            |     1 |     1 |     3 |     9 ||    14
         Scroll            |       |       |     8 |     5 ||    13
   Stab: Sleeping          |     1 |       |       |       ||     1
         Invisible         |       |       |     2 |     1 ||     3
         Confused          |       |       |     1 |       ||     1
 Armour: Animal skin       |    62 |    66 |       |       ||   128
         Skin              |    15 |       |   104 |    97 ||   216
         Ring mail         |       |    78 |   132 |       ||   210
         Scale mail        |       |       |       |    45 ||    45
  Dodge: Dodged            |    73 |   153 |   245 |   123 ||   594
   Form: Flux              |       |       |     2 |       ||     2
         Beast             |       |       |     1 |     1 ||     2

Table legend: (Time is in decaauts)
 A = Elapsed time spent in this place.
 B = Non-inter-level travel time spent in this place.
 C = Inter-level travel time spent in this place.
 D = Time resting spent in this place.
 E = Time spent auto-exploring this place.
 F = Levels seen in this place.
 G = Mean time per level.
                   A        B        C        D        E       F      G
               +--------+--------+--------+--------+--------+-----+--------+
         Total |  14702 |  14127 |    575 |   1511 |  10238 |  14 | 1050.1 |
       Dungeon |  13123 |  12548 |    575 |   1292 |   9418 |  10 | 1312.3 |
          Lair |    129 |    129 |      0 |      3 |      0 |   1 |  129.0 |
  Orcish Mines |     15 |     15 |      0 |      0 |      0 |   1 |   15.0 |
         Sewer |   1085 |   1085 |      0 |     99 |    724 |   1 | 1085.0 |
       Volcano |    348 |    348 |      0 |    117 |     96 |   1 |  348.0 |
               +--------+--------+--------+--------+--------+-----+--------+

Top non-repeatable levels by time:
     D:9: 2012 daAuts
     D:4: 1776 daAuts
    D:10: 1693 daAuts
     D:6: 1484 daAuts
     D:8: 1477 daAuts
     D:7: 1121 daAuts
   Sewer: 1085 daAuts
     D:3: 958 daAuts
     D:1: 892 daAuts
     D:2: 886 daAuts
     D:5: 820 daAuts
 Volcano: 348 daAuts
  Lair:1: 129 daAuts
   Orc:1: 15 daAuts
